PL
BUCKHEAD BOWTIES @ RICHARDSON CITY THUNDERCATS
05/13/2025
 
TOP OF THE 1ST
Buckhead Bowties batting - Pitching for Richardson City Thundercats : LHP Jesús Gonzáles
Pitching: LHP Jesús Gonzáles
Batting: RHB Enrique Marroquín 0-0: Called Strike
0-1: Foul Ball, location: 2F
0-2: Ball
1-2: Ball
2-2: Ball
3-2: Foul Ball, location: 2F
3-2: Foul Ball, location: 2F
3-2: Fly out, F8 (Line Drive, 8RD)
Batting: LHB Manuel Carmona 0-0: Ball
1-0: Ball
2-0: Foul Ball, location: 2F
2-1: Foul Ball, location: 2F
2-2: Ball
3-2: Strikes out swinging
Batting: RHB Mike Brown 0-0: Called Strike
0-1: Swinging Strike
0-2: Strikes out swinging
Top of the 1st over - 0 run(s), 0 hit(s), 0 error(s), 0 left on base; Buckhead 0 - Richardson City 0
BOTTOM OF THE 1ST
Richardson City Thundercats batting - Pitching for Buckhead Bowties : RHP Germán Rodríguez
Pitching: RHP Germán Rodríguez
Batting: RHB Chriss Mann 0-0: Ball
1-0: Swinging Strike
1-1: Ball
2-1: Ground out 6-3 (Groundball, 6)
Batting: RHB Juan Cabrera 0-0: Ground out 1-3 (Groundball, 15S)
Batting: SHB Mitch Qualtrough 0-0: Foul Ball, location: 2F
0-1: Ground out 6-3 (Groundball, 6)
Bottom of the 1st over - 0 run(s), 0 hit(s), 0 error(s), 0 left on base; Buckhead 0 - Richardson City 0
TOP OF THE 2ND
Buckhead Bowties batting - Pitching for Richardson City Thundercats : LHP Jesús Gonzáles
Batting: LHB Gregg Young 0-0: Ball
1-0: Foul Ball, location: 2F
1-1: DOUBLE (Line Drive, 9LS)
Batting: RHB Joe Andrews 0-0: Foul Ball, location: 2F
0-1: Swinging Strike
0-2: Ball
1-2: Foul Ball, location: 2F
1-2: Fly out, F7 (Line Drive, 7D)
Batting: LHB Tony Martínez 0-0: Called Strike
0-1: Called Strike
0-2: Strikes out swinging
Batting: LHB Mysterious Walker 0-0: Ball
1-0: Ground out 1-3 (Groundball, 13)
Top of the 2nd over - 0 run(s), 1 hit(s), 0 error(s), 1 left on base; Buckhead 0 - Richardson City 0
BOTTOM OF THE 2ND
Richardson City Thundercats batting - Pitching for Buckhead Bowties : RHP Germán Rodríguez
Batting: LHB Terrence Eler 0-0: Ball
1-0: Ground out 4-3 (Groundball, 34)
Batting: LHB Eduardo Álvarez 0-0: Ball
1-0: Swinging Strike
1-1: Foul Ball, location: 2F
1-2: Strikes out swinging
Batting: SHB Seishiro Nishimura 0-0: Ball
1-0: Fly out, F8 (Flyball, 78M)
Bottom of the 2nd over - 0 run(s), 0 hit(s), 0 error(s), 0 left on base; Buckhead 0 - Richardson City 0
TOP OF THE 3RD
Buckhead Bowties batting - Pitching for Richardson City Thundercats : LHP Jesús Gonzáles
Batting: RHB Dave King 0-0: Called Strike
0-1: Called Strike
0-2: Ball
1-2: Ball
2-2: Strikes out looking
Batting: RHB Gabriel Rodríguez 0-0: Ball
1-0: Ball
2-0: Foul Ball, location: 2F
2-1: Swinging Strike
2-2: Strikes out swinging
Batting: RHB Enrique Marroquín 0-0: Ground out 6-3 (Groundball, 6)
Top of the 3rd over - 0 run(s), 0 hit(s), 0 error(s), 0 left on base; Buckhead 0 - Richardson City 0
BOTTOM OF THE 3RD
Richardson City Thundercats batting - Pitching for Buckhead Bowties : RHP Germán Rodríguez
Batting: LHB Fernando Ramírez 0-0: Ball
1-0: Ball
2-0: Called Strike
2-1: Foul Ball, location: 2F
2-2: Fly out, F8 (Flyball, 8RXD)
Batting: RHB Nate Cates 0-0: Ball
1-0: Called Strike
1-1: Ball
2-1: Foul Ball, location: 2F
2-2: Foul Ball, location: 2F
2-2: Strikes out swinging
Batting: RHB Joey Jones 0-0: Ball
1-0: Reached on error, E9 (Flyball, 9)
Batting: RHB Chriss Mann 0-0: Called Strike
0-1: Fly out, F6 (Line Drive, 6)
Bottom of the 3rd over - 0 run(s), 0 hit(s), 1 error(s), 1 left on base; Buckhead 0 - Richardson City 0
TOP OF THE 4TH
Buckhead Bowties batting - Pitching for Richardson City Thundercats : LHP Jesús Gonzáles
Batting: LHB Manuel Carmona 0-0: Fly out, F9 (Flyball, 89S)
Batting: RHB Mike Brown 0-0: Called Strike
0-1: Ball
1-1: Ground out 5-3 (Groundball, 5)
Batting: LHB Gregg Young 0-0: Called Strike
0-1: Called Strike
0-2: Ball
1-2: Ball
2-2: Strikes out swinging
Top of the 4th over - 0 run(s), 0 hit(s), 0 error(s), 0 left on base; Buckhead 0 - Richardson City 0
BOTTOM OF THE 4TH
Richardson City Thundercats batting - Pitching for Buckhead Bowties : RHP Germán Rodríguez
Batting: RHB Juan Cabrera 0-0: Foul Ball, location: 2F
0-1: Called Strike
0-2: Ball
1-2: Foul Ball, location: 2F
1-2: SINGLE (Groundball, 4MD)
Batting: SHB Mitch Qualtrough 0-0: Called Strike
0-1: Ball
1-1: Fly out, F9 (Flyball, 89M)
Batting: LHB Terrence Eler 0-0: Fly out, F6 (Popup, 56)
Batting: LHB Eduardo Álvarez 0-0: Ball
1-0: Fly out, F9 (Flyball, 9D)
Bottom of the 4th over - 0 run(s), 1 hit(s), 0 error(s), 1 left on base; Buckhead 0 - Richardson City 0
TOP OF THE 5TH
Buckhead Bowties batting - Pitching for Richardson City Thundercats : LHP Jesús Gonzáles
Batting: RHB Joe Andrews 0-0: Foul Ball, location: 2F
0-1: Swinging Strike
0-2: Foul Ball, location: 2F
0-2: Ball
1-2: Strikes out swinging
Batting: LHB Tony Martínez 0-0: Ball
1-0: Swinging Strike
1-1: Called Strike
1-2: Ball
2-2: Strikes out looking
Batting: LHB Mysterious Walker 0-0: Called Strike
0-1: Called Strike
0-2: Ground out U3 (Groundball, 34)
Top of the 5th over - 0 run(s), 0 hit(s), 0 error(s), 0 left on base; Buckhead 0 - Richardson City 0
BOTTOM OF THE 5TH
Richardson City Thundercats batting - Pitching for Buckhead Bowties : RHP Germán Rodríguez
Batting: SHB Seishiro Nishimura 0-0: Ground out 5-3 (Groundball, 5S)
Batting: LHB Fernando Ramírez 0-0: Foul Ball, location: 2F
0-1: Foul Ball, location: 2F
0-2: Ball
1-2: Ball
2-2: Ball
3-2: Fly out, F8 (Flyball, 8RD)
Batting: RHB Nate Cates 0-0: Ground out 6-3 (Groundball, 6)
Bottom of the 5th over - 0 run(s), 0 hit(s), 0 error(s), 0 left on base; Buckhead 0 - Richardson City 0
TOP OF THE 6TH
Buckhead Bowties batting - Pitching for Richardson City Thundercats : LHP Jesús Gonzáles
Batting: RHB Dave King 0-0: Called Strike
0-1: Ball
1-1: SINGLE (Groundball, 34D)
Batting: RHB Gabriel Rodríguez 0-0: Called Strike
0-1: Ball
1-1: Sac Bunt - play at first, batter OUT! 5-4
Dave King to second
Batting: RHB Enrique Marroquín 0-0: SINGLE (Line Drive, 13)
Dave King to third
Runner from 3rd tries for Home, throw and OUT!
Enrique Marroquín to second
Batting: LHB Manuel Carmona 0-0: Ball
1-0: Fly out, F7 (Flyball, 7LM)
Top of the 6th over - 0 run(s), 2 hit(s), 0 error(s), 1 left on base; Buckhead 0 - Richardson City 0
BOTTOM OF THE 6TH
Richardson City Thundercats batting - Pitching for Buckhead Bowties : RHP Germán Rodríguez
Batting: RHB Joey Jones 0-0: Swinging Strike
0-1: Ball
1-1: Ball
2-1: Ground out 4-3 (Groundball, 4)
Batting: RHB Chriss Mann 0-0: Foul Ball, location: 2F
0-1: Ball
1-1: Called Strike
1-2: Ball
2-2: DOUBLE (Line Drive, 7)
Batting: RHB Juan Cabrera 0-0: Ball
1-0: SINGLE (Groundball, 6MD)
Chriss Mann to third
Runner from 3rd tries for Home, SAFE, no throw
Batting: SHB Mitch Qualtrough 0-0: Ball
1-0: Foul Ball, location: 2F
1-1: Swinging Strike
1-2: Foul Ball, location: 2F
1-2: Foul Ball, location: 2F
1-2: Ball
2-2: Strikes out swinging
Batting: LHB Terrence Eler 0-0: Ground out U3 (Groundball, 34)
Bottom of the 6th over - 1 run(s), 2 hit(s), 0 error(s), 1 left on base; Buckhead 0 - Richardson City 1
TOP OF THE 7TH
Buckhead Bowties batting - Pitching for Richardson City Thundercats : LHP Jesús Gonzáles
Batting: RHB Mike Brown 0-0: Ball
1-0: Foul Ball, location: 2F
1-1: Called Strike
1-2: Foul Ball, location: 2F
1-2: Ball
2-2: Foul Ball, location: 2F
2-2: Ball
3-2: Foul Ball, location: 2F
3-2: Foul Ball, location: 2F
3-2: Foul Ball, location: 2F
3-2: Strikes out looking
Batting: LHB Gregg Young 0-0: Ball
1-0: Foul Ball, location: 2F
1-1: Called Strike
1-2: Foul Ball, location: 2F
1-2: Fly out, F9 (Flyball, 89M)
Batting: RHB Joe Andrews 0-0: Called Strike
0-1: Called Strike
0-2: Ball
1-2: Fly out, F8 (Flyball, 8RS)
Top of the 7th over - 0 run(s), 0 hit(s), 0 error(s), 0 left on base; Buckhead 0 - Richardson City 1
BOTTOM OF THE 7TH
Richardson City Thundercats batting - Pitching for Buckhead Bowties : RHP Germán Rodríguez
Batting: LHB Eduardo Álvarez 0-0: Foul Ball, location: 2F
0-1: Ball
1-1: Ball
2-1: Foul Ball, location: 2F
2-2: Foul Ball, location: 2F
2-2: SOLO HOME RUN (Flyball, 78XD), Distance : 394 ft
Batting: SHB Seishiro Nishimura 0-0: Ball
1-0: Called Strike
1-1: Ball
2-1: Foul Ball, location: 2F
2-2: Fly out, F8 (Flyball, 8RD)
Batting: LHB Fernando Ramírez 0-0: Ball
1-0: Ground out 6-3 (Groundball, 6)
Batting: RHB Nate Cates 0-0: Ball
1-0: Ball
2-0: Called Strike
2-1: Foul Ball, location: 2F
2-2: Strikes out swinging
Bottom of the 7th over - 1 run(s), 1 hit(s), 0 error(s), 0 left on base; Buckhead 0 - Richardson City 2
TOP OF THE 8TH
Buckhead Bowties batting - Pitching for Richardson City Thundercats : LHP Jesús Gonzáles
Batting: LHB Tony Martínez 0-0: Ball
1-0: Ball
2-0: Foul Ball, location: 2F
2-1: Called Strike
2-2: Strikes out swinging
Batting: LHB Mysterious Walker 0-0: Called Strike
0-1: Fly out, F5 (Line Drive, 56)
Batting: RHB Dave King 0-0: Called Strike
0-1: Ground out U3 (Groundball, 34S)
Top of the 8th over - 0 run(s), 0 hit(s), 0 error(s), 0 left on base; Buckhead 0 - Richardson City 2
BOTTOM OF THE 8TH
Richardson City Thundercats batting - Pitching for Buckhead Bowties : RHP Germán Rodríguez
Batting: RHB Joey Jones 0-0: Ball
1-0: Fly out, F9 (Flyball, 9S)
Batting: RHB Chriss Mann 0-0: Ball
1-0: Foul Ball, location: 2F
1-1: Ground out 6-3 (Groundball, 6S)
Batting: RHB Juan Cabrera 0-0: Foul Ball, location: 2F
0-1: Called Strike
0-2: Ground out 6-3 (Groundball, 6)
Bottom of the 8th over - 0 run(s), 0 hit(s), 0 error(s), 0 left on base; Buckhead 0 - Richardson City 2
TOP OF THE 9TH
Buckhead Bowties batting - Pitching for Richardson City Thundercats : LHP Jesús Gonzáles
Batting: RHB Gabriel Rodríguez 0-0: Ball
1-0: Ground out 4-3 (Groundball, 4)
Pitching: LHP Javier Ramírez
Batting: RHB Enrique Marroquín 0-0: Foul Ball, location: 2F
0-1: Ground out 5-3 (Groundball, 5)
Batting: LHB Manuel Carmona 0-0: Fly out, F3 (Popup, 3L)
Top of the 9th over - 0 run(s), 0 hit(s), 0 error(s), 0 left on base; Buckhead 0 - Richardson City 2
Friday, December 30th, 2016 - OOTP Baseball 17.12 Build 75